Map: Oxide LE

Players

Lambo

  • Race: Zerg Zerg
  • League: Master
  • Spawn Location: 1:00

ShoWTimE - Winner!

  • Race: Protoss Protoss
  • League: Master
  • Spawn Location: 7:00

Event: DreamHack SC2 Masters 2020 Winter

VOD

Have the link to the VOD?

Description

Time

  • Played on: Nov. 6, 2020, 11:49 a.m.
  • Length: 15:38

All games in this series

Show
View Real Time Build Order
Export as new Build Order

Lambo Zerg 

Build Orders: Hatch First, Swarm Host 

Get SALT Encoding   

  12  0:00  Drone  
  13  0:12  Overlord  
  13  0:16  Drone  
  14  0:30  Drone x2  
  17  0:42  Drone  
  17  0:52  Hatchery  
  17  0:54  Drone  
  17  0:57  Drone  
  18  1:08  Extractor  
  17  1:12  Spawning Pool  
  17  1:16  Drone  
  17  1:18  Drone  
  18  1:28  Drone  
  19  1:40  Drone  
  20  1:52  Overlord  
  20  1:59  Queen  
  22  2:04  Queen, Zergling x2  
  22  2:05  Zergling x2  
  22  2:08  Metabolic Boost  
  26  2:10  Drone  
  27  2:16  Drone  
  27  2:22  Drone  
  29  2:25  Drone  
  30  2:32  Drone  
  30  2:36  Drone  
  32  2:41  Queen  
  32  2:42  Overlord  
  34  2:53  Hatchery  
  33  2:58  Zergling x2  
  33  2:59  Drone  
  33  3:00  Drone  
  36  3:07  Overlord  
  36  3:09  Drone  
  36  3:10  Drone x2  
  36  3:12  Drone  
  40  3:14  Drone  
  40  3:16  Drone  
  42  3:22  Queen  
  42  3:26  Drone  
  45  3:29  Queen  
  48  3:34  Drone  
  48  3:35  Overlord  
  48  3:41  Drone  
  49  3:43  Drone  
  49  3:44  Drone  
  49  3:45  Overlord  
  51  3:52  Overlord  
  51  3:54  Drone  
  52  4:03  Overlord  
  52  4:04  Drone x5  
  52  4:06  Spore Crawler  
  52  4:09  Spore Crawler, Zergling x2  
  55  4:14  Drone x3  
  58  4:18  Roach Warren  
  58  4:21  Lair  
  58  4:23  Zergling x2  
  58  4:25  Drone  
  58  4:30  Drone x3  
  62  4:34  Drone x3  
  62  4:37  Spore Crawler  
  64  4:38  Drone  
  64  4:40  Drone x2  
  64  4:44  Drone x3  
  70  4:46  Extractor  
  70  4:47  Extractor  
  70  4:49  Drone x2  
  70  4:51  Drone  
  70  4:52  Overlord  
  71  4:55  Overlord  
  71  4:59  Overlord  
  71  5:02  Overlord  
  71  5:04  Overlord  
  71  5:06  Extractor x2  
  69  5:09  Evolution Chamber  
  69  5:11  Drone x2  
  69  5:12  Drone x2  
  69  5:13  Drone x2  
  76  5:14  Drone x2  
  76  5:19  Overlord  
  76  5:24  Drone x2  
  76  5:28  Drone x3  
  81  5:31  Extractor, Infestation Pit  
  81  5:33  Drone, Pneumatized Carapace  
  81  5:34  Drone x2  
  81  5:51  Roach x8  
  81  5:54  Zerg Missile Weapons Level 1, Overlord  
  97  6:04  Overlord  
  97  6:11  Swarm Host x3  
  97  6:12  Overlord  
  97  6:13  Overlord  
  97  6:16  Queen  
  108  6:21  Swarm Host x2  
  114  6:27  Swarm Host x2  
  114  6:30  Roach  
  122  6:32  Queen  
  122  6:35  Overlord  
  123  6:41  Swarm Host x2  
  123  6:44  Spine Crawler  
  128  6:51  Swarm Host x2  
  128  6:52  Queen  
  136  6:54  Overlord  
  136  6:57  Queen  
  136  7:00  Swarm Host x2  
  142  7:03  Swarm Host  
  142  7:05  Overlord  
  145  7:09  Overlord  
  145  7:13  Roach x4  
  145  7:15  Overlord x2  
  152  7:25  Roach x4  
  159  7:30  Roach x3  
  159  7:31  Roach x2  
  159  7:33  Queen  
  159  7:36  Roach x7  
  185  7:42  Overlord  
  185  7:47  Overlord  
  185  7:50  Overlord  
  185  8:00  Queen  
  185  8:03  Roach x4  
  185  8:04  Glial Reconstitution  
  191  8:08  Roach x4  
  192  8:12  Ravager  
  193  8:38  Queen  
  193  8:40  Roach  
  193  8:47  Roach x5  
  193  8:51  Overlord  
  193  9:03  Overlord  
  193  9:09  Overlord  
  189  9:19  Ravager x2  
  189  9:20  Roach x5  
  189  9:23  Hatchery  
  189  9:24  Roach  
  198  9:28  Roach x7  
  198  9:30  Roach x3  
  182  9:31  Roach  
  182  9:36  Queen x3, Roach  
  184  9:40  Roach x4  
  174  9:54  Ravager x3  
  174  9:55  Roach x3  
  183  10:00  Roach x5  
  183  10:07  Roach  
  195  10:09  Ravager  
  195  10:12  Queen  
  195  10:23  Roach  
  195  10:24  Roach  
  195  10:28  Zerg Missile Weapons Level 2  
  199  10:30  Overlord  
  199  10:40  Overlord  
  191  10:43  Roach x5  
  191  10:48  Roach x2  
  197  10:52  Roach x5  
  197  10:54  Roach x4  
  186  10:59  Roach x6  
  186  11:02  Roach  
  186  11:03  Roach  
  180  11:10  Roach  
  182  11:12  Roach x2  
  184  11:18  Roach  
  184  11:20  Ravager x3  
  184  11:21  Roach, Ravager  
  184  11:25  Roach  
  194  11:26  Ravager x3  
  194  11:31  Roach  
  199  11:38  Roach  
  199  11:39  Roach x2  
  186  11:40  Roach x3  
  190  11:51  Roach x3  
  190  11:53  Roach  
  181  11:58  Roach x2  
  181  11:59  Ravager x4  
  188  12:01  Roach x5  
  188  12:04  Spore Crawler  
  188  12:05  Roach x2  
  198  12:12  Roach  
  199  12:32  Roach  
  199  12:33  Roach  
  199  12:34  Roach  
  199  12:36  Roach x4  
  199  12:40  Roach  
  199  12:42  Roach x4  
  199  12:46  Roach  
  199  12:47  Roach  
  197  12:57  Roach x5  
  192  12:58  Ravager x2  
  192  13:01  Ravager  
  192  13:02  Ravager x3  
  192  13:03  Roach  
  192  13:05  Roach  
  199  13:08  Roach  
  199  13:10  Roach  
  195  13:13  Roach  
  195  13:15  Roach x3  
  195  13:19  Roach  
  191  13:21  Roach  
  188  13:27  Roach  
  188  13:28  Roach  
  182  13:35  Roach x2  
  182  13:37  Roach  
  182  13:41  Roach  
  161  13:43  Roach  
  161  13:44  Ravager  
  161  13:45  Ravager x2  
  162  13:50  Roach  
  162  13:52  Roach  
  164  14:00  Roach  
  164  14:01  Roach x2  
  156  14:04  Roach  
  152  14:10  Queen  
  152  14:14  Roach  
  152  14:16  Ravager x2  
  148  14:21  Roach  
  141  14:25  Roach  
  141  14:27  Roach  
  143  14:32  Roach  
  140  14:39  Roach x2  
  140  14:44  Roach  
  140  14:45  Roach  
  143  14:50  Roach  
  143  14:51  Roach  
  145  14:57  Roach  
  145  14:58  Roach  
  142  15:06  Roach  
Show
View Real Time Build Order
Export as new Build Order

ShoWTimE Protoss - Winner!

Build Orders: 1 Gate Expand, Oracle Opening, Archon Immortal, Archon Drop 

Get SALT Encoding   

  12  0:00  Probe  
  13  0:12  Probe  
  14  0:19  Pylon  
  14  0:24  Probe  
  15  0:37  Probe (Chrono Boost)  
  15  0:40  Gateway  
  16  0:46  Probe (Chrono Boost)  
  16  0:49  Assimilator  
  17  0:51  Probe (Chrono Boost)  
  18  1:03  Probe  
  19  1:15  Probe  
  20  1:26  Nexus  
  20  1:36  Cybernetics Core  
  20  1:39  Probe  
  21  1:45  Assimilator  
  21  1:51  Probe  
  22  1:54  Pylon  
  22  2:03  Probe (Chrono Boost)  
  23  2:10  Adept (Chrono Boost)  
  23  2:12  Warp Gate  
  26  2:16  Probe (Chrono Boost)  
  26  2:21  Probe (Chrono Boost)  
  27  2:27  Stargate  
  27  2:31  Probe (Chrono Boost)  
  27  2:35  Stalker  
  30  2:38  Probe (Chrono Boost)  
  32  2:47  Probe (Chrono Boost)  
  32  2:48  Probe (Chrono Boost)  
  33  2:53  Probe (Chrono Boost)  
  33  2:54  Probe  
  35  3:01  Void Ray (Chrono Boost)  
  35  3:04  Probe  
  36  3:06  Probe  
  36  3:12  Gateway  
  41  3:16  Probe  
  41  3:18  Probe  
  43  3:21  Pylon  
  43  3:25  Adept  
  45  3:29  Probe  
  46  3:35  Pylon  
  46  3:38  Oracle (Chrono Boost)  
  46  3:39  Probe  
  46  3:41  Probe  
  51  3:51  Probe  
  51  3:53  Probe  
  53  4:02  Nexus  
  53  4:03  Probe  
  53  4:05  Pylon  
  53  4:08  Probe  
  55  4:13  Assimilator  
  55  4:15  Assimilator  
  55  4:16  Probe  
  56  4:20  Probe  
  56  4:21  Robotics Facility  
  57  4:24  Shield Battery  
  57  4:28  Probe  
  58  4:32  Probe  
  58  4:35  Forge  
  59  4:40  Probe  
  59  4:42  Twilight Council  
  59  4:44  Probe  
  61  4:47  Pylon  
  62  4:55  Gateway, Probe (Chrono Boost)  
  62  4:56  Probe (Chrono Boost)  
  62  4:59  Gateway  
  63  5:06  Probe (Chrono Boost)  
  65  5:07  Warp Prism (Chrono Boost)  
  65  5:08  Probe (Chrono Boost)  
  65  5:11  Probe (Chrono Boost)  
  68  5:16  Charge, Probe  
  68  5:17  Probe  
  68  5:18  Templar Archives  
  70  5:22  Probe  
  70  5:23  Protoss Ground Weapons Level 1 (Chrono Boost)  
  71  5:28  Probe  
  71  5:29  Probe  
  71  5:34  Probe  
  74  5:39  Gateway  
  74  5:40  Probe  
  74  5:41  Probe  
  74  5:42  Gateway  
  76  5:46  Assimilator, Probe  
  77  5:51  Assimilator  
  77  5:52  Probe  
  77  5:53  Probe  
  79  5:59  High Templar x3, Probe  
  79  6:00  High Templar  
  88  6:04  Archon x2, Probe  
  88  6:05  Probe  
  88  6:06  Pylon  
  88  6:08  Observer (Chrono Boost)  
  88  6:11  Probe  
  92  6:15  Gateway  
  92  6:16  Pylon  
  92  6:17  Probe  
  93  6:22  Gateway, Immortal (Chrono Boost)  
  97  6:29  Gateway  
  97  6:31  Pylon  
  97  6:42  Gateway  
  97  6:43  High Templar  
  97  6:44  Sentry x2  
  97  6:45  Zealot x3  
  97  6:46  Pylon  
  109  6:49  Pylon  
  109  6:52  Immortal (Chrono Boost)  
  113  7:04  Pylon  
  113  7:11  High Templar, Zealot x5  
  113  7:15  Archon  
  125  7:16  Pylon  
  125  7:26  Shield Battery  
  125  7:27  Shield Battery  
  125  7:28  Immortal (Chrono Boost)  
  127  7:34  High Templar x2  
  127  7:35  Zealot x6  
  141  7:38  Pylon  
  141  7:39  Archon  
  141  7:46  Pylon  
  141  7:49  Zealot x2  
  145  7:54  Immortal (Chrono Boost)  
  145  7:55  Pylon  
  135  8:06  Zealot x3  
  135  8:07  Zealot x4  
  137  8:15  High Templar x3  
  143  8:24  Archon  
  143  8:27  Immortal (Chrono Boost)  
  143  8:28  High Templar, Zealot x2  
  143  8:29  Zealot x4, Shield Battery  
  143  8:34  Archon  
  141  8:49  High Templar x2  
  141  8:50  Zealot x5  
  141  8:51  Zealot x2  
  141  8:54  Archon  
  157  8:55  Protoss Ground Weapons Level 2 (Chrono Boost)  
  157  8:59  Pylon  
  157  9:02  Immortal  
  161  9:09  Zealot  
  163  9:11  Zealot x5  
  171  9:18  Zealot x2  
  169  9:31  Zealot x6  
  157  9:41  Zealot  
  155  9:49  Zealot x3  
  155  9:51  Nexus  
  149  9:52  High Templar x3  
  149  9:53  High Templar x3  
  149  9:58  Archon  
  149  9:59  Archon, Pylon  
  157  10:00  Archon  
  157  10:01  High Templar  
  157  10:02  High Templar, Zealot x2  
  165  10:07  Archon  
  165  10:10  Blink  
  163  10:25  Probe x3  
  163  10:27  Zealot x7  
  174  10:36  Pylon  
  174  10:37  Probe x3, Immortal (Chrono Boost)  
  179  10:46  High Templar x2  
  179  10:49  Probe x3  
  182  10:51  Archon  
  172  11:02  Protoss Ground Weapons Level 3  
  148  11:05  Zealot x7  
  148  11:07  Zealot, Immortal (Chrono Boost)  
  164  11:12  Probe x2  
  164  11:13  Probe  
  163  11:26  Assimilator  
  163  11:28  High Templar x4  
  163  11:29  Assimilator  
  171  11:32  Archon  
  171  11:33  Archon  
  165  11:45  Zealot x2  
  165  11:46  Zealot x4  
  177  11:51  Immortal (Chrono Boost)  
  157  12:02  Zealot x4  
  157  12:06  Stalker x4  
  173  12:11  High Templar x2  
  173  12:15  Photon Cannon  
  173  12:16  Archon  
  173  12:23  Stalker x4  
  161  12:38  Stalker x3  
  161  12:39  Stalker  
  161  12:44  Stalker x2  
  169  12:47  Stalker  
  169  12:48  Stalker x3  
  173  12:53  Immortal (Chrono Boost)  
  173  13:03  Pylon  
  173  13:07  Stalker x5  
  173  13:19  Stalker  
  171  13:20  Stalker x2  
  171  13:24  Stalker x2  
  169  13:39  Zealot x5  
  157  13:46  High Templar x3  
  157  13:47  High Templar  
  160  13:50  Archon  
  160  13:51  Archon  
  156  13:55  Zealot  
  156  13:56  Zealot  
  134  14:10  Zealot x2  
  134  14:11  Zealot x4  
  144  14:18  Immortal  
  142  14:26  High Templar x4  
  142  14:30  Archon x2  
  142  14:31  Stalker x6  
  148  14:49  Stalker x4, Void Ray (Chrono Boost)  
  145  14:56  Stalker x2  
  145  14:57  Immortal  
  151  15:03  Probe x2  
  149  15:11  Stalker x7  
  147  15:29  Stalker  
  147  15:30  Stalker  
Tags
 
Add a new tag
Caveats
  • Supply blocks, unpowered buildings, or Contaminate may cause inaccurate times.
  • Supply counts are checked every 10 seconds.